 Dungeon Crawl Stone Soup version 0.30.0-3-ga4e48a9924 (webtiles) character file.

Game seed: 17833860615399621595

506 zazu2006 the Sneak (level 7, 0/48 (57) HPs)
             Began as a Naga Hedge Wizard on May 6, 2023.
             Slain by a wight
             ... wielding a +0 mace
              (10 damage)
             ... on level 4 of the Dungeon on May 7, 2023.
             The game lasted 00:08:38 (4267 turns).

zazu2006 the Sneak (Naga Hedge Wizard)              Turns: 4267, Time: 00:08:39

HP:   0/48 (57)     AC:  3    Str: 12    XL:     7   Next: 18%
MP:   9/14          EV: 10    Int: 16    God:
Gold: 200           SH:  0    Dex: 11    Spells: 9/15 levels left

rFire   . . .        s - +3 short sword (elec)
rCold   . . .        (no shield)
rNeg    . . .        b - +0 robe
rPois   +            c - +0 hat
rElec   .            (no cloak)
rCorr   .            (no gloves)
SInv    +            (no barding)
Will    .....        (no amulet)
Stlth   +++          (no ring)
HPRegen 0.28/turn    (no ring)
MPRegen 0.14/turn

%: no passive effects
@: heavily drained, very slow
A: AC +2, large, see invisible, deformed body, poison resistance, slowness 2,
spit poison 1, naga tail 1
a: Spit Poison


You were on level 4 of the Dungeon.
You visited 1 branch of the dungeon, and saw 4 of its levels.

You collected 200 gold pieces.

Inventory:

Hand Weapons
 e - a +1 vampiric dagger
 s - a +3 short sword of electrocution (weapon)
 A - a +1 rapier of electrocution
Armour
 b - a +0 robe (worn)
 c - a +0 hat (worn)
 m - a +0 leather armour
Jewellery
 i - a ring of fire
 t - a ring of fire
Wands
 y - a wand of iceblast (8)
Scrolls
 f - 4 scrolls of fear {unknown}
 h - 2 scrolls of teleportation {unknown}
 l - a scroll of poison {unknown}
 n - 9 scrolls of identify {unknown}
 q - a scroll of brand weapon {unknown}
 x - a scroll of torment {unknown}
 B - a scroll of vulnerability {unknown}
Potions
 a - 2 potions of curing
 d - 2 potions of magic
 g - a potion of attraction {unknown}
 j - a potion of brilliance {unknown}
 k - a potion of flight {unknown}
 o - 2 potions of haste {unknown}
 p - a potion of berserk rage {unknown}
 r - a potion of invisibility {unknown}
 u - a potion of heal wounds {unknown}
 v - a potion of mutation {unknown}
 w - 3 potions of resistance {unknown}
 z - a potion of might {unknown}


   Skills:
 + Level 1.6 Fighting
 + Level 2.7 Dodging
 + Level 5.6 Stealth
 + Level 4.7 Spellcasting
 + Level 2.8 Conjurations
 + Level 1.0 Summonings
 + Level 1.0 Translocations
 + Level 0.2 Air Magic
 * Level 3.3 Poison Magic


You had 9 spell levels left.
You knew the following spells:

 Your Spells              Type           Power      Damage    Failure   Level
a - Magic Dart            Conj           48%        1d5       4%          1
b - Mephitic Cloud        Conj/Pois/Air  10%        N/A       21%         3
d - Blink                 Tloc           14%        N/A       16%         2

Your spell library contained the following spells:

 Spells                   Type           Power      Damage    Failure   Level
 Cigotuvi's Dreadful Rot  Necr/Pois/Air  14%        N/A       14%         2
 Slow                     Hex            12%        N/A       16%         1
 Call Imp                 Summ           14%        N/A       16%         2
 Ensorcelled Hibernation  Hex/Ice        6%         N/A       24%         2
 Spider Form              Tmut/Pois      9%         N/A       24%         3
 Hailstorm                Conj/Ice       8%         3d4       26%         3
 Confusing Touch          Hex            3%         N/A       43%         3
 Inner Flame              Hex/Fire       3%         N/A       43%         3
 Vampiric Draining        Necr           3%         2d6       43%         3
 Anguish                  Hex/Necr       1%         N/A       83%         4
 Ice Form                 Ice/Tmut       3%         N/A       83%         4
 Yara's Violent Unravell  Hex/Tmut       1%         3d3       99%         5
 Simulacrum               Ice/Necr       1%         N/A       100%        6
 Enfeeble                 Hex            1%         N/A       100%        7


Dungeon Overview and Level Annotations

Branches:
Dungeon (4/15)
 Temple: D:4-7

Altars:
Elyvilon
Vehumet
Wu Jian
Xom

Annotations:
D:3 1 runed translucent door, infinitevox's ghost, amateur DsWn
D:4 Robin


Innate Abilities, Weirdness & Mutations

Your serpentine skin is tough. (AC +2)
You have supernaturally acute eyesight. (SInv)
Armour fits poorly on your strangely shaped body.
Your system is resistant to poisons. (rPois)
You cover ground very slowly.
You can spit poison.
You have a snake-like lower body.


Message History

Aiming: Magic Dart (safe; 4% risk of failure)
Press: ? - help, Shift-Dir - straight line, f/p - wight
Aim: a wight, wielding a +0 mace and wearing a +0 robe (severely damaged, 100% to hit)
The magic dart hits the wight but does no damage.
The wight is severely damaged.
Casting: Magic Dart (safe; 4% risk of failure)
Confirm with . or Enter, or press ? or * to list all spells.
Aiming: Magic Dart (safe; 4% risk of failure)
Press: ? - help, Shift-Dir - straight line, f/p - wight
Aim: a wight, wielding a +0 mace and wearing a +0 robe (severely damaged, 100% to hit)
The magic dart hits the wight but does no damage.
The wight is severely damaged.
The wight hits you with a +0 mace.
* * * LOW HITPOINT WARNING * * *
Unknown command.
Casting: Magic Dart (safe; 4% risk of failure)
Confirm with . or Enter, or press ? or * to list all spells.
Aiming: Magic Dart (safe; 4% risk of failure)
Press: ? - help, Shift-Dir - straight line, f/p - wight
Aim: a wight, wielding a +0 mace and wearing a +0 robe (severely damaged, 100% to hit)
The magic dart hits the wight but does no damage.
The wight is severely damaged.
The wight misses you.
Unknown command.
It was a potion of curing.
You feel better.
You feel stable enough to blink again. The wight closely misses you.
You hit the wight but do no damage.
The wight is severely damaged.
The wight hits you with a +0 mace.
You feel drained.
You hit the wight.
The wight is almost destroyed.
The wight hits you with a +0 mace.
* * * LOW HITPOINT WARNING * * *
You feel drained.
* * * LOW HITPOINT WARNING * * *
You hit the wight but do no damage. You punch the wight, but do no damage.
The wight is almost destroyed.
The wight hits you with a +0 mace!
You die...

# ##>..#
#.......###.#.###.
# ###.#
#......<#......##.
# #.#
#####...#.###.###.
# #.# +.+
#####.#....... #.#
#.# #####.#.#.....
#.# +.+
#.....#.#..### #.#
#.# ##........##
#.# +.+ #.#....#.#
#.# #@#
##.##.###.#


+z+ #..##.# ... ###.# #..##.. ....## #.'.+ #..####...#.#. ###.###.###########.
#.'.'.#............. ###.###.############ #'###.# #.#8#.# You could see a wight.

Vanquished Creatures
  Eustachio (D:4)
  Blork the orc (D:4)
  A hound (D:3)
  A jelly (D:4)
  An iguana (D:4)
  Natasha (thrice) (D:2)
  A scorpion zombie (D:4)
  2 adders (D:4)
  An ufetubus (D:4)
  An adder zombie (D:4)
  A worm (D:3)
  3 dart slugs
  2 orcs
  4 ball pythons
  6 bats
  5 endoplasms
  2 giant cockroaches
  18 goblins
  7 hobgoblins
  6 jackals (D:1)
  A quokka (D:1)
  7 frilled lizards
  9 kobolds
  2 rats (D:2)
86 creatures vanquished.

Notes
Turn   | Place    | Note
-------+----------+-------------------------------------------
     0 | D:1      | zazu2006 the Naga Hedge Wizard began the quest for the Orb.
     0 | D:1      | Reached XP level 1. HP: 15/15 MP: 4/4
    35 | D:1      | Upgraded the game from 0.30.0 to 0.30.0-3-ga4e48a9924
   127 | D:1      | Reached XP level 2. HP: 22/22 MP: 4/6
   723 | D:1      | Reached XP level 3. HP: 28/28 MP: 5/8
   727 | D:1      | Learned a level 3 spell: Mephitic Cloud
   730 | D:1      | Learned a level 2 spell: Blink
  1796 | D:2      | Noticed Natasha
  1805 | D:2      | Killed Natasha
  1806 | D:2      | Reached skill level 1 in Poison Magic
  1806 | D:2      | Reached XP level 4. HP: 17/36 MP: 7/10
  2315 | D:2      | Noticed Natasha
  2339 | D:2      | Killed Natasha
  2342 | D:2      | Noticed Natasha
  2347 | D:2      | Killed Natasha
  2348 | D:2      | Reached XP level 5. HP: 25/42 MP: 5/11
  2800 | D:3      | Found a runed translucent door.
  2802 | D:3      | Noticed infinitevox's ghost (amateur DsWn)
  3019 | D:3      | Found a radiant altar of Vehumet.
  3020 | D:3      | Found a white marble altar of Elyvilon.
  3021 | D:3      | Found a shimmering altar of Xom.
  3022 | D:3      | Found an ornate altar of the Wu Jian Council.
  3369 | D:4      | Reached skill level 4 in Stealth
  3427 | D:4      | Noticed Blork the orc
  3440 | D:4      | Killed Blork the orc
  3441 | D:4      | Reached XP level 6. HP: 33/50 MP: 8/12
  3547 | D:4      | Noticed Eustachio
  3583 | D:4      | Reached skill level 5 in Stealth
  3761 | D:4      | Killed Eustachio
  3762 | D:4      | Reached skill level 1 in Fighting
  3762 | D:4      | Reached XP level 7. HP: 51/57 MP: 7/14
  3859 | D:4      | Noticed Robin
  4267 | D:4      | Slain by a wight

Illustrated notes

Levels and vault maps discovered:
D:1:      minmay_arrival_four_loops, layout_loops_ring
D:2:      layout_loops_ring, uniq_natasha
D:3:      layout_loops_ring, mainiacjoe_overflow_alcove_3, serial_glass,
          glass_columns_b, glass_columns_a, ebering_ghost_inner_flame
D:4:      layout_basic, lemuel_mausoleum_altar_yredelemnul,
          hangedman_decor_push, uniq_robin, uniq_blork_the_orc, uniq_eustachio

Skill      XL: |  1  2  3  4  5  6 |
---------------+-------------------+-----
Spellcasting   | 4 |  4.7
Poison Magic   | 1 2 3 |  3.3
Conjurations   | 2 |  2.8
Dodging        | 2 |  2.7
Stealth        | 4 5 |  5.6
Fighting       | 1 |  1.6
Summonings     | |  1.0
Translocations | |  1.0
Air Magic      | |  0.2

Action                     |  1- 3 |  4- 6 |  7- 9 || total
---------------------------+-------+-------+-------++-------
  Melee: Dagger            |    29 |    22 |       ||    51
         Short sword       |       |    52 |    37 ||    89
         Punch             |       |       |     1 ||     1
   Cast: Magic Dart        |    86 |    22 |     4 ||   112
         Mephitic Cloud    |       |     7 |     1 ||     8
         Blink             |       |       |     1 ||     1
Ability: Spit Poison       |    15 |     7 |       ||    22
    Use: Potion            |       |       |     1 ||     1
   Stab: Sleeping          |     1 |     2 |     2 ||     5
         Confused          |       |     2 |       ||     2
 Armour: Robe              |    10 |    14 |     5 ||    29
  Dodge: Dodged            |    30 |    40 |    16 ||    86
